 Dungeon Crawl Stone Soup version 0.31-a0-237-g2d982f9f85 (webtiles) character file.

Game seed: 7829733935107663733

912 qw the Skirmisher (level 7, 1/1 HPs)
             Began as a Minotaur Hexslinger on July 11, 2023.
             Quit the game on level 3 of the Dungeon.
             The game lasted 00:54:00 (25700 turns).

qw the Skirmisher (Minotaur Hexslinger)            Turns: 25700, Time: 00:54:01

Health: 1/1        AC: 13    Str: 11    XL:     7   Next: 82%
Magic:  7/7        EV: 11    Int: 10    God:
Gold:   184        SH:  4    Dex: 14    Spells: 7/8 levels left

rFire   . . .        Y - +2 sling
rCold   . . .        (no shield)
rNeg    . . .        e - +0 ring mail
rPois   .            j - +2 hat
rElec   .            f - +0 cloak
rCorr   .            h - +0 pair of gloves
SInv    .            (no boots)
Will    .....        (no amulet)
Stlth   +            l - +4 ring of protection
HPRegen 0.20/turn    (no ring)
MPRegen 0.10/turn

%: no passive effects
@: no status effects
A: horns 2, retaliatory headbutt, large bone plates 1, weak 1
a: no special abilities


You were on level 3 of the Dungeon.
You visited 1 branch of the dungeon, and saw 4 of its levels.

You collected 184 gold pieces.


Innate Abilities, Weirdness & Mutations

You have a pair of horns on your head.
You reflexively headbutt those who attack you in melee.
You are partially covered in large bone plates. (SH +4)
You are weak. (Str -2)


   Skills:
 - Level 5.2 Fighting
 - Level 8.2 Ranged Weapons
 + Level 1.7 Armour
 - Level 3.4 Dodging
 - Level 1.0 Spellcasting
 - Level 2.0 Hexes


You had 7 spell levels left.
You knew the following spells:

 Your Spells              Type           Power      Damage    Failure   Level
a - Slow                  Hex            16%        N/A       34%         1

Your spell library contained the following spells:

 Spells                   Type           Power      Damage    Failure   Level
 Inner Flame              Hex/Fire       2%         N/A       85%         3
 Portal Projectile        Hex/Tloc       4%         N/A       85%         3
 Cause Fear               Hex            2%         N/A       98%         4

Inventory:

Hand Weapons
 Y - a +2 sling (weapon)
Armour
 e - a +0 ring mail (worn)
 f - a +0 cloak (worn)
 h - a +0 pair of gloves (worn)
 j - a +2 hat (worn)
Jewellery
 d - a ring of ice
 l - a +4 ring of protection (left hand)
Scrolls
 g - a scroll of identify
Potions
 b - a potion of haste
 c - a potion of magic {unknown}
 i - a potion of enlightenment
 k - a potion of mutation
 m - a potion of heal wounds {unknown}
 n - a potion of curing {unknown}

Dungeon Overview and Level Annotations

Branches:
Dungeon (4/15)             Temple (0/1) D:4

Altars:
Fedhas
Zin

Annotations:
D:4 2 transporters, qw's ghost, amateur MiHs


Message History

You climb downwards.
Level annotation: 2 transporters, qw's ghost, amateur MiHs
There is a stone staircase leading up here.
Partly explored, unvisited transporter and can't reach some places.
(D) Dungeon (T) Temple
Where to? (* - list waypoints, Enter - D:3, ? - help)
What level of the Dungeon? (default 1, ? - help)
You climb upwards.
There is a stone staircase leading down here.
You climb downwards.
Level annotation: 2 transporters, qw's ghost, amateur MiHs
There is a stone staircase leading up here.
Partly explored, unvisited transporter and can't reach some places.
(D) Dungeon (T) Temple
Where to? (* - list waypoints, Enter - D:3, ? - help)
What level of the Dungeon? (default 1, ? - help)
You climb upwards.
There is a stone staircase leading down here.
You climb downwards.
Level annotation: 2 transporters, qw's ghost, amateur MiHs
There is a stone staircase leading up here.
Partly explored, unvisited transporter and can't reach some places.
(D) Dungeon (T) Temple
Where to? (* - list waypoints, Enter - D:3, ? - help)
What level of the Dungeon? (default 1, ? - help)
You climb upwards.
There is a stone staircase leading down here.
You climb downwards.
Level annotation: 2 transporters, qw's ghost, amateur MiHs
There is a stone staircase leading up here.
Partly explored, unvisited transporter and can't reach some places.
(D) Dungeon (T) Temple
Where to? (* - list waypoints, Enter - D:3, ? - help)
What level of the Dungeon? (default 1, ? - help)
You climb upwards.
Zot's power touches on you...
Buggy note passed: unknown note type HP restored.
There is a stone staircase leading down here.
25700 ||| QUITTING!
Are you sure you want to abandon this character and quit the game? (Confirm with "yes".)

#.# #~#%#~#### #.# #~#~#~~~%#
#.# #~#~#~##%# ..# #~#~#~~#~#
..## #~#~##~#~## ...##
#~~~##~#~#. ..#.##
###~#~~#.#. .###.#
########### #########. ..#<##
#......@..# #.# #.##.
...#######.#######.# #.#
#.##. ...........)...#
#.#####.## #.###
#.########.###.#
#........###.### #.# #.# #.#
#..#......##.... #'## #.# #.#
#..#.##...###### ...#
#####.###.###[.#.#....# #
######'.##.....>....#.#.#..##
##
#~....#.###.##.####.........#
##.


There were no monsters in sight!

Vanquished Creatures
  Grinder (D:4)
  A black bear (D:4)
  2 ogres (D:4)
  A kobold brigand (D:4)
  3 hounds (D:4)
  An orc priest (D:3)
  An iguana (D:3)
  4 gnolls (D:3)
  8 adders
  2 river rats (D:3)
  A worm (D:3)
  3 dart slugs
  7 orcs
  6 endoplasms
  4 giant cockroaches
  7 goblins
  5 hobgoblins
  12 jackals
  3 quokkas
  7 ball pythons
  6 bats
  5 frilled lizards
  9 kobolds
  10 rats
109 creatures vanquished.

Notes
Turn   | Place    | Note
-------+----------+-------------------------------------------
     0 | D:1      | qw the Minotaur Hexslinger began the quest for the Orb.
     0 | D:1      | Reached XP level 1. HP: 16/16 MP: 1/1
     0 | D:1      | 0 ||| qw: Version: 0.3-a-52-g30416fa
     0 | D:1      | 0 ||| qw: Game counter: 5535
     0 | D:1      | 0 ||| qw: Melee chars always use a shield: true
     0 | D:1      | 0 ||| qw: God list: Okawaru
     0 | D:1      | 0 ||| qw: Allow faded altars: false
     0 | D:1      | 0 ||| qw: Do Orc after clearing Dungeon:15 true
     0 | D:1      | 0 ||| qw: Do second Lair branch before Depths: true
     0 | D:1      | 0 ||| qw: Lair rune preference: random
     0 | D:1      | 0 ||| qw: Goals: Normal
     0 | D:1      | 0 ||| PLANNING D:1-11
    85 | D:1      | HP: 4/16 [endoplasm (3)]
   174 | D:1      | Reached skill level 3 in Ranged Weapons
   207 | D:1      | Reached XP level 2. HP: 23/23 MP: 2/2
   292 | D:1      | You fall into a shaft and drop 1 floor!
   319 | D:2      | 319 ||| UPGRADING to +0 pair of gloves.
   324 | D:2      | 324 ||| READING scroll labelled SUJUMA FUVA.
   325 | D:2      | 325 ||| READING scroll labelled AMIRIZ UMEUSIV.
   326 | D:2      | 326 ||| READING 2 scrolls labelled IBLIEN HEWKAT.
   327 | D:2      | 327 ||| DROPPING scroll of poison.
   357 | D:2      | 357 ||| FLEEEEING.
   358 | D:2      | 358 ||| FLEEEEING.
   359 | D:2      | 359 ||| STAIRDANCE
   579 | D:1      | 579 ||| FLEEEEING.
   588 | D:1      | Reached XP level 3. HP: 28/29 MP: 3/3
  1092 | D:1      | Found a faded altar of an unknown god.
  1094 | D:1      | 1094 ||| UPGRADING to +0 leather armour.
  1104 | D:1      | 1104 ||| DROPPING +0 robe.
  1105 | D:1      | 1105 ||| UPGRADING to +2 hat.
  1110 | D:1      | 1110 ||| READING scroll labelled YPICVU OZUACS.
  1111 | D:1      | 1111 ||| READING scroll labelled ZORESCH WUH UQY.
  1112 | D:1      | 1112 ||| DRINKING 2 bubbling pink potions.
  1112 | D:1      | Gained mutation: Armour fits poorly on your strangely
                  | shaped body. [potion of mutation]
  1112 | D:1      | Gained mutation: Potions are less effective at restoring
                  | your health. [potion of mutation]
  1113 | D:1      | 1113 ||| DRINKING potion of mutation.
  1113 | D:1      | Lost mutation: Armour fits poorly on your strangely shaped
                  | body. [potion of mutation]
  1113 | D:1      | Lost mutation: Potions are less effective at restoring your
                  | health. [potion of mutation]
  1113 | D:1      | Gained mutation: You are weak. (Str -2) [potion of
                  | mutation]
  1113 | D:1      | Gained mutation: You are partially covered in large bone
                  | plates. (SH +4) [potion of mutation]
  1114 | D:1      | 1114 ||| READING 2 scrolls of identify.
  1114 | D:1      | 1114 ||| IDENTIFYING brown potion
  1115 | D:1      | 1115 ||| DROPPING potion of lignification.
  1182 | D:2      | Reached skill level 4 in Ranged Weapons
  1410 | D:2      | Found a glowing silver altar of Zin.
  1556 | D:2      | Reached XP level 4. HP: 36/36 MP: 4/4
  1557 | D:2      | 1557 ||| UPGRADING to +0 cloak.
  1562 | D:2      | 1562 ||| READING scroll labelled DAELY BAETA.
  1563 | D:2      | 1563 ||| READING scroll labelled MEIVEG NEAXO TUI.
  1664 | D:2      | 1664 ||| READING 3 scrolls labelled HOAMAI POGOI.
  1665 | D:2      | 1665 ||| DRINKING 2 gluggy clear potions.
  1666 | D:2      | 1666 ||| READING 3 scrolls of identify.
  1666 | D:2      | 1666 ||| IDENTIFYING murky sapphire potion
  1667 | D:2      | 1667 ||| DROPPING 2 scrolls of revelation.
  1699 | D:3      | 1699 ||| PLANNING SEWER
  2063 | D:3      | Reached skill level 5 in Ranged Weapons
  2070 | D:3      | HP: 8/36 [gnoll/+0 club (7)]
  2071 | D:3      | HP: 3/36 [gnoll/+0 club (1)]
  2078 | D:3      | HP: 4/37 [gnoll/+0 spear (1)]
  2081 | D:3      | HP: 1/37 [gnoll/+0 spear (4)]
  2330 | D:3      | Reached skill level 3 in Fighting
  2330 | D:3      | Reached XP level 5. HP: 44/45 MP: 5/5
  2354 | D:3      | Reached skill level 1 in Armour
  2371 | D:3      | 2371 ||| RIP SEWER
  2394 | D:3      | 2394 ||| PLANNING D:1-11
  2955 | D:3      | 2955 ||| UPGRADING to +4 ring of protection.
  2956 | D:3      | 2956 ||| DRINKING 2 bubbling red potions.
  3061 | D:3      | 3061 ||| READING 2 scrolls of identify.
  3061 | D:3      | 3061 ||| IDENTIFYING green potion
  3062 | D:3      | 3062 ||| DROPPING potion of berserk rage.
  3063 | D:3      | 3063 ||| DROPPING potion of brilliance.
  3077 | D:4      | Reached XP level 6. HP: 51/51 MP: 6/6
  3084 | D:4      | Reached skill level 6 in Ranged Weapons
  3291 | D:4      | HP: 2/55 [ogre/+0 giant club (17)]
  3490 | D:4      | Found a staircase to the Ecumenical Temple.
  3491 | D:4      | 3491 ||| PLANNING TEMPLE
  3751 | D:4      | Noticed Grinder
  3763 | D:4      | Paralysed by Grinder for 3 turns
  3768 | D:4      | Killed Grinder
  3769 | D:4      | Reached skill level 7 in Ranged Weapons
  3769 | D:4      | Reached XP level 7. HP: 34/60 MP: 7/7
  3820 | D:4      | 3820 ||| FLEEEEING.
  3821 | D:4      | 3821 ||| FLEEEEING.
  3831 | D:4      | 3831 ||| STAIRDANCE
  3926 | D:4      | Reached skill level 8 in Ranged Weapons
  4171 | D:4      | Found a transporter.
  4228 | D:4      | Found a blossoming altar of Fedhas.
  4568 | D:4      | Found a transporter.
  4575 | D:4      | Noticed qw's ghost (amateur MiHs)
  4589 | D:4      | Reached skill level 3 in Dodging
  4822 | D:4      | 4822 ||| UPGRADING to +0 ring mail.
  4832 | D:4      | 4832 ||| DROPPING +0 leather armour.
  4833 | D:4      | 4833 ||| READING scroll labelled TOTZIAPPOMM.
  4834 | D:4      | 4834 ||| READING scroll labelled ZEOHINK AVEYGA.
 19299 | D:3      | Glimpsed the power of Zot.
 19699 | D:3      | Glimpsed the power of Zot.
 20019 | D:3      | Glimpsed the power of Zot.
 20099 | D:3      | Touched by the power of Zot (MHP 61 -> 48)
 20100 | D:3      | Glimpsed the power of Zot.
 20500 | D:3      | Glimpsed the power of Zot.
 20820 | D:3      | Glimpsed the power of Zot.
 20899 | D:3      | Touched by the power of Zot (MHP 47 -> 37)
 20900 | D:3      | Glimpsed the power of Zot.
 21300 | D:3      | Glimpsed the power of Zot.
 21620 | D:3      | Glimpsed the power of Zot.
 21699 | D:3      | Touched by the power of Zot (MHP 36 -> 27)
 21700 | D:3      | Glimpsed the power of Zot.
 22100 | D:3      | Glimpsed the power of Zot.
 22420 | D:3      | Glimpsed the power of Zot.
 22499 | D:3      | Touched by the power of Zot (MHP 26 -> 19)
 22500 | D:3      | Glimpsed the power of Zot.
 22900 | D:3      | Glimpsed the power of Zot.
 23220 | D:3      | Glimpsed the power of Zot.
 23299 | D:3      | Touched by the power of Zot (MHP 18 -> 12)
 23300 | D:3      | Glimpsed the power of Zot.
 23700 | D:3      | Glimpsed the power of Zot.
 24020 | D:3      | Glimpsed the power of Zot.
 24099 | D:3      | Touched by the power of Zot (MHP 12 -> 7)
 24100 | D:3      | Glimpsed the power of Zot.
 24500 | D:3      | Glimpsed the power of Zot.
 24820 | D:3      | Glimpsed the power of Zot.
 24899 | D:3      | Touched by the power of Zot (MHP 6 -> 2)
 24900 | D:3      | Glimpsed the power of Zot.
 25300 | D:3      | Glimpsed the power of Zot.
 25620 | D:3      | Glimpsed the power of Zot.
 25699 | D:3      | Touched by the power of Zot (MHP 2 -> 1)
 25700 | D:3      | 25700 ||| QUITTING!
 25700 | D:3      | Quit the game

Levels and vault maps discovered:
D:1:      dpeg_arrival_prison, layout_basic, shapermc_ecumenical_altar_petra
D:2:      minmay_alternating_diamond, layout_rooms, basic_altar
D:3:      layout_loops_corners, lightli_sewer_entry_pipes,
          minmay_misc_feat_more_columns, chequers_serial_rivers_room_a
D:4:      layout_layer_cave, mainiacjoe_overflow_alcove_2, temple_doors_e,
          gammafunk_ghost_stat_death, lexackson_kobold_supper, uniq_grinder

Skill      XL: |  1  2  3  4  5  6  7 |
---------------+----------------------+-----
Ranged Weapons | 3 4 5 7 8 |  8.2
Fighting       | 2 3 4 5 |  5.2
Armour         | 1 |  1.7
Dodging        | 3 |  3.4
Spellcasting   | |  1.0
Hexes          | |  2.0

Action                     |  1- 3 |  4- 6 |  7- 9 || total
---------------------------+-------+-------+-------++-------
   Fire: Sling             |   147 |   186 |    63 ||   396
    Use: Scroll            |     6 |     5 |     2 ||    13
         Potion            |     2 |     2 |       ||     4
 Armour: Robe              |    16 |       |       ||    16
         Leather armour    |     5 |    33 |     6 ||    44
  Dodge: Dodged            |    41 |    58 |     8 ||   107
  Block: Other             |     4 |    23 |     5 ||    32

Table legend:
 A = Non-vault XP
 B = Vault XP
 C = Vault XP percentage of total XP
 D = Non-vault monster count
 E = Vault monster count
 F = Vault count percentage of total count
                 A         B        C        D         E       F
            +---------+---------+-------+---------+---------+-------
      Total |     789 |     514 |  39.4 |      85 |      24 |  22.0
            +---------+---------+-------+---------+---------+-------
        D:1 |      49 |       6 |  10.9 |      28 |       3 |   9.7
        D:2 |      39 |       3 |   7.1 |      17 |       2 |  10.5
        D:3 |     157 |     124 |  44.1 |      17 |      10 |  37.0
        D:4 |     544 |     381 |  41.2 |      23 |       9 |  28.1
            +---------+---------+-------+---------+---------+-------
